 Dungeon Crawl Stone Soup version 0.21-a0-508-gf08a75f (webtiles) character file.

252 qqqbard the Magician (level 5, -8/28 HPs)
             Began as a Deep Elf Earth Elementalist on Nov 28, 2017.
             Was an Initiate of Sif Muna.
             Killed from afar by an orc wizard (14 damage)
             ... with a puff of flame
             ... on level 4 of the Dungeon.
             The game lasted 00:04:44 (1993 turns).

qqqbard the Magician (Deep Elf Earth Elementalist)  Turns: 1993, Time: 00:04:45

Health: -8/28      AC:  3    Str:  5    XL:     5   Next: 89%
Magic:  0/15       EV: 13    Int: 26    God:    Sif Muna [......]
Gold:   171        SH:  0    Dex: 15    Spells: 12/16 levels left

rFire    . . .     SeeInvis .   (no weapon)
rCold    . . .     Gourm    .   (no shield)
rNeg     . . .     Faith    .   c - +0 robe
rPois    .         Spirit   .   (no helmet)
rElec    .         Reflect  .   (no cloak)
rCorr    .         Harm     .   i - +0 pair of gloves
MR       .....                  (no boots)
Stlth    ++........             (no amulet)
HPRegen  0.09/turn              (no ring)
MPRegen  0.14/turn              (no ring)

@: brilliant
A: no striking features
a: Renounce Religion


You were on level 4 of the Dungeon.
You worshipped Sif Muna.
Sif Muna was noncommittal.
You were not hungry.

You visited 1 branch of the dungeon, and saw 4 of its levels.

You collected 171 gold pieces.

Inventory:

Missiles
 b - 96 stones (quivered)
Armour
 c - a +0 robe (worn)
 i - a +0 pair of gloves (worn)
Jewellery
 l - a +3 ring of evasion {unknown}
 o - an uncursed ring of protection from cold {unknown}
Scrolls
 h - a scroll of enchant armour {unknown}
 k - 4 scrolls of teleportation {unknown}
 q - 3 scrolls of identify {unknown}
 r - a scroll of magic mapping {unknown}
Potions
 a - a potion of curing {unknown}
 f - 2 potions of agility {unknown}
 g - 2 potions of lignification {unknown}
 j - a potion of magic {unknown}
 m - 2 potions of brilliance
 n - a potion of berserk rage {unknown}
 s - a potion of flight {unknown}
Books
 e - a book of Geomancy

   Spells                             Type                      Level
   a - Sandblast                      Earth                        1
   b - Passwall                       Transmutation/Earth          2
   c - Stone Arrow                    Conjuration/Earth            3
   d - Petrify                        Transmutation/Earth          4
   e - Lee's Rapid Deconstruction     Earth                        5
 p - a book of Changes

   Spells                             Type                      Level
   a - Beastly Appendage              Transmutation                1
   b - Sticks to Snakes               Transmutation                2
   c - Spider Form                    Transmutation/Poison         3
   d - Ice Form                       Ice/Transmutation            4
   e - Blade Hands                    Transmutation                5
Comestibles
 d - 2 bread rations
 t - 2 chunks of flesh


   Skills:
 - Level 2.4 Dodging
 - Level 2.4 Stealth
 * Level 6.2 Spellcasting
 + Level 2.2 Conjurations
   Level 1.1 Transmutations
 + Level 4.5 Earth Magic
 + Level 1.7 Invocations


You had 12 spell levels left.
You knew the following spells:

 Your Spells              Type           Power        Failure   Level  Hunger
a - Sandblast             Erth           #####.       1%          1    None
b - Stone Arrow           Conj/Erth      #####.       1%          3    None


Dungeon Overview and Level Annotations

Branches:
Dungeon (4/15)
 Temple: D:4-7

Altars:
Gozag
Hepliaklqana
Nemelex Xobeh
Sif Muna


Message History

Aiming: Sandblast
Press: ? - help, Shift-Dir - straight line, f/p - orc wizard
Aim: an orc wizard, wielding a trident and wearing a robe The blast of sand hits the orc wizard.
b - 96 stones The adder hisses angrily.
The orc wizard hits you from afar with a trident.
The orc wizard closely misses you.
You hit the orc wizard but do no damage.
The orc wizard casts a spell at you. The puff of flame hits you!
* * * LOW HITPOINT WARNING * * *
The orc wizard closely misses you.
Your magical contamination has completely faded away.
It was a potion of brilliance.
You feel clever all of a sudden.
The orc wizard gestures at you while chanting.
The puff of flame hits you!
Ouch! That really hurt!
You die...

.... #. #..#.# #.
##..#.#########.
...#.#.........
.)#.#.#####...
#o#.#.##......
#†#.#.##.##.##
.##########.#.#.##.##.#
.......@.oS.#.#.##.##.#
.##########.....##.##.#
#........##.#
#..#####.##.# ##.#
#.##.# ..# #.##.. ##.#
#.# #.# #.. #.. ..#


You could see an orc wizard and an adder.

Vanquished Creatures
  A howler monkey (D:4)
  A hound (D:4)
  An orc priest (D:3)
  Jessica (D:2)
  Terence (D:3)
  3 adders
  2 oozes
  A dart slug (D:2)
  5 orcs
  A ball python (D:2)
  7 bats
  8 giant cockroaches
  8 goblins
  4 hobgoblins
  2 jackals (D:2)
  5 kobolds
  3 quokkas
  2 frilled lizards
  2 quokka skeletons (D:4)
  5 rats
63 creatures vanquished.

Notes
Turn   | Place    | Note
-------+----------+-------------------------------------------
     0 | D:1      | qqqbard the Deep Elf Earth Elementalist began the quest for the Orb.
     0 | D:1      | Reached XP level 1. HP: 10/10 MP: 6/6
   244 | D:1      | Reached XP level 2. HP: 15/15 MP: 6/8
   621 | D:2      | Reached skill level 4 in Spellcasting
   679 | D:2      | Reached XP level 3. HP: 19/19 MP: 0/10
   684 | D:2      | Learned a level 3 spell: Stone Arrow
   739 | D:2      | Noticed Jessica
   741 | D:2      | Found a hazy altar of Hepliaklqana.
   745 | D:2      | Killed Jessica
   773 | D:2      | Reached skill level 5 in Spellcasting
   773 | D:2      | Reached skill level 1 in Conjurations
   773 | D:2      | Reached XP level 4. HP: 24/24 MP: 4/13
   885 | D:2      | Found a deep blue altar of Sif Muna.
   949 | D:2      | Became a worshipper of Sif Muna the Loreminder
   998 | D:3      | You fall through a shaft!
  1105 | D:3      | Found a sparkling altar of Nemelex Xobeh.
  1194 | D:3      | Reached XP level 5. HP: 26/28 MP: 10/15
  1231 | D:3      | Reached skill level 1 in Invocations
  1298 | D:3      | Found an opulent altar of Gozag.
  1462 | D:3      | Noticed Terence
  1472 | D:3      | Killed Terence
  1896 | D:4      | Reached skill level 6 in Spellcasting
  1993 | D:4      | Killed from afar by an orc wizard

Vault maps used:
D:1:      minmay_arrival_shattered_statue
D:2:      lemuel_crystal_altar, lemuel_blue_sif_altar, uniq_jessica
D:3:      old_standard_altar, grunt_gozag_breadcrumbs, uniq_terence
D:4:      serial_shops, shop, st_stairs_8, nicolae_ru_sacrificial_ziggurat

Skill      XL: |  1  2  3  4  5 |
---------------+----------------+-----
Spellcasting   | 4 5 6 |  6.2
Conjurations   | 1 2 |  2.2
Earth Magic    | 4 |  4.5
Invocations    | 1 |  1.7
Dodging        | |  2.4
Stealth        | |  2.4
Transmutations | |  1.1

Action                   |  1- 3 |  4- 6 || total
-------------------------+-------+-------++-------
Melee: Unarmed           |       |     2 ||     2
 Cast: Sandblast         |    35 |    41 ||    76
       Stone Arrow       |       |    13 ||    13
  Use: Potion            |       |     1 ||     1
  Eat: Chunk             |       |     3 ||     3
Armor: Robe              |     1 |     2 ||     3
Dodge: Dodged            |    14 |    11 ||    25

Table legend:
 A = Spawn XP
 B = Non-spawn XP
 C = Spawn XP percentage of total XP
 D = Spawn monster count
 E = Non-spawn monster count
 F = Spawn count percentage of total count
 G = Total turns spent on level
                    A         B        C        D         E        F      G
               +---------+---------+-------+---------+---------+-------+---------
         Total |       0 |     361 |   0.0 |       0 |      63 |   0.0 |  1993
               +---------+---------+-------+---------+---------+-------+---------
           D:1 |       0 |      19 |   0.0 |       0 |       8 |   0.0 |   598
           D:2 |       0 |      94 |   0.0 |       0 |      26 |   0.0 |   376
           D:3 |       0 |     132 |   0.0 |       0 |      19 |   0.0 |   804
           D:4 |       0 |     116 |   0.0 |       0 |      10 |   0.0 |   215
               +---------+---------+-------+---------+---------+-------+---------
